 Dungeon Crawl Stone Soup version 0.29.1-12-g30fa7ad0bf (webtiles) character file.

Game seed: 13050759802562497421

525 GigaChad the Trooper (level 7, 0/62 HPs)
             Began as a Minotaur Fighter on Jan 6, 2023.
             Was a Follower of Okawaru.
             Slain by a phantom (4 damage)
             ... on level 4 of the Dungeon.
             The game lasted 00:04:38 (2957 turns).

GigaChad the Trooper (Minotaur Fighter)             Turns: 2957, Time: 00:04:39

Health: 0/62       AC:  7    Str: 22    XL:     7   Next: 2%
Magic:  6/6        EV:  9    Int:  5    God:    Okawaru [*.....]
Gold:   179        SH:  5    Dex: 10    Spells: 6/6 levels left

rFire   . . .      SeeInvis .   a - +0 war axe
rCold   . . .      Faith    .   c - +0 buckler
rNeg    . . .      Spirit   .   b - +0 scale mail
rPois   .          Reflect  .   (helmet restricted)
rElec   .          Harm     .   (no cloak)
rCorr   .          Rampage  .   (no gloves)
Will    .....                   (no boots)
Stlth   ..........              (no amulet)
HPRegen 0.20/turn               (no ring)
MPRegen 0.10/turn               (no ring)

@: no status effects
A: horns 2, retaliatory headbutt
a: Renounce Religion, Heroism


You were on level 4 of the Dungeon.
You worshipped Okawaru.
Okawaru was aware of your devotion.
You visited 1 branch of the dungeon, and saw 4 of its levels.

You collected 179 gold pieces.

Inventory:

Hand Weapons
 a - a +0 war axe (weapon)
 q - a +0 battleaxe
Armour
 b - a +0 scale mail (worn)
 c - a +0 buckler (worn)
Jewellery
 f - a ring of magical power
Wands
 n - a wand of flame (31)
Scrolls
 i - a scroll of summoning
 j - 2 scrolls of fear
 k - 3 scrolls of fog
 s - a scroll of teleportation
Potions
 d - a potion of might
 e - a potion of berserk rage {unknown}
 g - 2 potions of flight {unknown}
 h - 2 potions of lignification {unknown}
 p - a potion of cancellation {unknown}
 r - a potion of mutation {unknown}
 t - 2 potions of attraction {unknown}


   Skills:
 * Level 5.8 Fighting
 + Level 5.6 Axes
 + Level 5.5 Armour
 * Level 5.1 Shields


You had 6 spell levels left.
You didn't know any spells.
Your spell library contained the following spells:

 Spells                   Type           Power      Damage    Failure   Level
 Poisonous Vapours        Pois/Air       0%         N/A       95%         2
 Stone Arrow              Conj/Erth      0%         3d7       99%         3
 Swiftness                Air            0%         N/A       99%         3
 Olgreb's Toxic Radiance  Pois           0%         N/A       100%        4
 Ozocubu's Refrigeration  Ice            0%         4d7       100%        7
 Ignition                 Fire           0%         3d3       100%        8
 Summon Small Mammal      Summ           Unusable   N/A       N/A         1
 Call Canine Familiar     Summ           Unusable   N/A       N/A         3
 Summon Guardian Golem    Hex/Summ       Unusable   N/A       N/A         3

Dungeon Overview and Level Annotations

Branches:
Dungeon (4/15)
 Temple: D:4-7

Altars:
Dithmenos
Elyvilon
Okawaru


Innate Abilities, Weirdness & Mutations

You have a pair of horns on your head.
You reflexively headbutt those who attack you in melee.


Message History

Something hits you but does no damage. Something hits you.
You bump into the rock wall.
Something hits you but does no damage. The phantom hits you.
* * * LOW HITPOINT WARNING * * *
The phantom blinks!
You blink.
The goblin shoots a sling bullet.
The sling bullet hits you but does no damage.
The goblin shoots a sling bullet.
Reactivating autopickup.
You feel a bit more experienced.
You have reached level 7!
The phantom attacks as you move away!
The phantom hits you but does no damage.
You feel less confused.
The goblin shoots a sling bullet.
The sling bullet hits you but does no damage.
You closely miss the phantom.
You headbutt the phantom, but do no damage.
The phantom hits you.
* * * LOW HITPOINT WARNING * * *
The phantom blinks!
You blink.
The phantom hits you but does no damage.
The goblin shoots a sling bullet.
The sling bullet closely misses you. The phantom hits you.
* * * LOW HITPOINT WARNING * * *
The phantom blinks!
You blink.
The goblin shoots a sling bullet.
You block the sling bullet.
The goblin shoots a sling bullet.
The sling bullet hits you.
* * * LOW HITPOINT WARNING * * *
You hear some strange, mumbled words.
A magic dart appears from out of thin air!
Deactivating autopickup; reactivate with Ctrl-A.
The magic dart hits you!
* * * LOW HITPOINT WARNING * * *
The goblin shoots a sling bullet.
The sling bullet closely misses you.
You slash the phantom!
The phantom is heavily damaged.
You slash something! Something hits you.
* * * LOW HITPOINT WARNING * * *
The phantom hits you.
You die...

... ####### ...
#.....#
....#.)..<# .
...#.....# ..
.'.g...# #..
.#.....#
#.....#.....#
..... #..{..#
#.....#.@W..####
#.....'...........
#.....#...........
#######...........
#...........
#...........
#...........
#...........
#.........


You could see a phantom and a goblin.

Vanquished Creatures
  Sigmund (D:3)
  A sky beast (D:3)
  An orc priest (D:3)
  Jessica (D:3)
  Natasha (twice) (D:2)
  Terence (D:3)
  Robin (D:2)
  A gnoll (D:1)
  2 adders (D:3)
  An ufetubus (D:3)
  2 worms (D:3)
  4 orcs
  5 bats
  6 endoplasms
  7 giant cockroaches
  13 goblins
  6 hobgoblins
  A quokka (D:3)
  3 ball pythons
  3 frilled lizards
  5 kobolds
  8 rats
75 creatures vanquished.

Vanquished Creatures (others)
  An orc wizard (D:4)
  Natasha (D:2)
  6 plants (D:1)
8 creatures vanquished.

Grand Total: 83 creatures vanquished

Notes
Turn   | Place    | Note
-------+----------+-------------------------------------------
     0 | D:1      | GigaChad the Minotaur Fighter began the quest for the Orb.
     0 | D:1      | Reached XP level 1. HP: 19/19 MP: 0/0
   227 | D:1      | Reached XP level 2. HP: 27/27 MP: 1/1
   413 | D:1      | Reached XP level 3. HP: 10/33 MP: 2/2
  1035 | D:2      | Noticed Natasha
  1041 | D:2      | Killed Natasha
  1042 | D:2      | Noticed Robin
  1043 | D:2      | Reached XP level 4. HP: 31/41 MP: 3/3
  1044 | D:2      | Noticed Natasha
  1060 | D:2      | Killed Natasha
  1065 | D:2      | Killed Robin
  1282 | D:2      | Noticed Natasha
  1293 | D:2      | Killed Natasha
  1667 | D:2      | Found a faded altar of an unknown god.
  1766 | D:2      | Got Nasero's Commentary on the Ashen Atmosphere
  1877 | D:3      | Reached XP level 5. HP: 37/47 MP: 4/4
  1880 | D:3      | Found an iron altar of Okawaru.
  1892 | D:3      | Became a worshipper of Warmaster Okawaru
  2039 | D:3      | Noticed Sigmund
  2048 | D:3      | Killed Sigmund
  2049 | D:3      | Reached skill level 5 in Fighting
  2049 | D:3      | Reached skill level 5 in Axes
  2049 | D:3      | Reached skill level 5 in Armour
  2049 | D:3      | Reached XP level 6. HP: 29/56 MP: 5/5
  2223 | D:3      | Noticed Jessica
  2228 | D:3      | Killed Jessica
  2233 | D:3      | Found a shadowy altar of Dithmenos.
  2571 | D:3      | Reached skill level 5 in Shields
  2635 | D:3      | Noticed a sky beast
  2644 | D:3      | Killed a sky beast
  2644 | D:3      | Reached * piety under Okawaru
  2714 | D:3      | Found a white marble altar of Elyvilon.
  2716 | D:3      | Noticed Terence
  2723 | D:3      | Killed Terence
  2952 | D:4      | Reached XP level 7. HP: 16/62 MP: 6/6
  2957 | D:4      | Slain by a phantom

Illustrated notes

Levels and vault maps discovered:
D:1:      zaba_arrival_water, layout_rooms, chequers_big_river,
          nicolae_concentric_dashed_squares_wild
D:2:      layout_rooms, shapermc_ecumenical_altar_petra,
          chequers_serial_rivers_room_a, uniq_robin, uniq_natasha
D:3:      layout_loops_cross, grunt_dithmenos_smoke, old_standard_altar,
          mainiacjoe_overflow_cross_hatched, gup_sewer_entry_bowl, uniq_terence,
          uniq_sigmund, uniq_jessica
D:4:      layout_gridville, enter_ossuary_4, grunt_ministairs_3,
          uniq_blork_the_orc

Skill      XL: |  1  2  3  4  5  6 |
---------------+-------------------+-----
Axes           | 3 4 5 |  5.6
Fighting       | 4 5 |  5.8
Armour         | 4 5 |  5.5
Shields        | 4 5 |  5.1

Action                   |  1- 3 |  4- 6 |  7- 9 || total
-------------------------+-------+-------+-------++-------
Melee: War axe           |    42 |   107 |     2 ||   151
       Headbutt          |     3 |    15 |     1 ||    19
  Use: Scroll            |       |     8 |       ||     8
Armor: Scale mail        |    25 |    75 |     3 ||   103
Dodge: Dodged            |    30 |    67 |     2 ||    99
Block: Buckler           |    13 |    25 |     1 ||    39
